 Dungeon Crawl Stone Soup version 0.32-a0-43-g058985b245 (webtiles) character file.

Game seed: 14527162611165117112

18 timneilson the Ruffian (level 2, 0/18 HPs)
             Began as an Octopode Shapeshifter on Feb 4, 2024.
             Killed from afar by a dart slug (5 damage)
             ... with a slug dart
             ... on level 1 of the Dungeon.
             The game lasted 00:00:24 (200 turns).

timneilson the Ruffian (Octopode Shapeshifter)       Turns: 200, Time: 00:00:25

Health: 0/18       AC:  1    Str: 13    XL:     2   Next: 66%
Magic:  2/2        EV: 13    Int: 12    God:
Gold:   21         SH:  0    Dex: 11    Spells: 1/1 levels left

rFire   . .          .
                       - Unarmed
rCold   . . .        (no shield)
rNeg    . . .        (helmet currently unavailable)
rPois   .            (no amulet)
rElec   .            (no ring)
rCorr   .            (no ring)
SInv    .            (no ring)
Will    .....        (no ring)
Stlth   ++           (no ring)
HPRegen 0.23/turn    (no ring)
MPRegen 0.08/turn    (no ring)
                     (no ring)

%: no passive effects
@: beast-form
A: beast (slay +1), almost no armour, amphibious, 8 rings, camouflage 1,
gelatinous body 1, (nimble swimmer 1), tentacles
a: Begin Untransformation


You were on level 1 of the Dungeon.
You were a hulking beast.
You visited 1 branch of the dungeon, and saw 1 of its levels.

You collected 21 gold pieces.

Inventory:

Talismans
 b - a beast talisman
 c - a flux talisman
Scrolls
 d - a scroll of teleportation {unknown}
 f - a scroll of vulnerability {unknown}
 g - a scroll of fog {unknown}
Potions
 a - 2 potions of lignification
 e - 3 potions of heal wounds {unknown}


   Skills:
 * Level 1.3 Fighting
 * Level 2.3 Dodging
 + Level 0.6 Stealth
 * Level 3.2 Unarmed Combat
 * Level 3.1 Shapeshifting


You had one spell level left.
You didn't know any spells.
Your spell library was empty.

Dungeon Overview and Level Annotations

Branches:
Dungeon (1/15)

Altars:


Innate Abilities, Weirdness & Mutations

You are a hulking beast.
Your limbs bulge with bestial killing power. (Slay +1)
You cannot wear most types of armour.
You are amphibious.
You can wear up to eight rings at the same time.
Your skin changes colour to match your surroundings (Stealth+).
Your rubbery body absorbs attacks. (AC +1, EV +1)
((You are camouflaged when in or above water. (Stealth+)))
You have tentacles for arms and can constrict up to eight enemies at once.


Message History

You are too injured to fight recklessly!
You are too injured to fight recklessly!
You are too injured to fight recklessly!
You are too injured to fight recklessly!
You are too injured to fight recklessly!
You are too injured to fight recklessly!
You are too injured to fight recklessly!
You are too injured to fight recklessly!
You are too injured to fight recklessly!
You are too injured to fight recklessly!
Unknown command.
The jackal bites you. The jackal attacks as it pursues you!
The jackal closely misses you. The jackal bites you.
* * * LOW HITPOINT WARNING * * *
The jackal attacks as it pursues you! The jackal closely misses you.
The jackal attacks as it pursues you! The jackal closely misses you.
You tentacle-slap the ball python. Your grab misses the ball python.
You squeeze the ball python.
You kill the ball python!
The jackal barely misses you.
You tentacle-slap the jackal but do no damage.
Your grab misses the jackal.
The jackal bites you but does no damage.
The jackal bites you.
* * * LOW HITPOINT WARNING * * *
You barely miss the jackal. You grab the jackal. You squeeze the jackal.
You kill the jackal!
The jackal barely misses you. The jackal closely misses you.
You tentacle-slap the jackal. Your grab misses the jackal.
Your squeeze misses the jackal.
The jackal is almost dead.
The jackal closely misses you.
You bludgeon the jackal!
You kill the jackal!
You start resting.
A dart slug is nearby!
The dart slug launches a dart at you. The slug dart hits you.
You die...

###.............
##..###.#.....## #...>....
#..## #....##... ....w....
#.## ...#..#### #........
..# #####..# #........ ..#
#.## #....(... ..# ##
#...####........ †.......
.. #..†##†..#...# ...#####
#.####h#......... .###
#....#.w......... .##
#########.............
..####.....................
.......##########.(........
#.###### #.....#...# #.#
##.######## #.. #.. #..#
##..


You could see a dart slug.

Vanquished Creatures
  2 bats (D:1)
  2 goblins (D:1)
  4 jackals (D:1)
  A quokka (D:1)
  4 ball pythons (D:1)
  A kobold (D:1)
  A rat (D:1)
15 creatures vanquished.

Notes
Turn   | Place    | Note
-------+----------+-------------------------------------------
     0 | D:1      | timneilson the Octopode Shapeshifter began the quest for
                  | the Orb.
     0 | D:1      | Reached XP level 1. HP: 13/13 MP: 1/1
    57 | D:1      | Reached XP level 2. HP: 15/18 MP: 2/2
   200 | D:1      | Killed from afar by a dart slug

Illustrated notes

Levels and vault maps discovered:
D:1:      dpeg_arrival_rooms_b, layout_rooms

Action                     || total
---------------------------++-------
  Melee: Unarmed           ||    21
         Constrict         ||     5
         Tentacles         ||     5
   Stab: Sleeping          ||     1
 Armour: Skin              ||    16
  Dodge: Dodged            ||    23

Table legend: (Time is in decaauts)
 A = Elapsed time spent in this place.
 B = Non-inter-level travel time spent in this place.
 C = Inter-level travel time spent in this place.
 D = Time resting spent in this place.
 E = Time spent auto-exploring this place.
 F = Levels seen in this place.
 G = Mean time per level.
                   A        B        C        D        E       F      G
               +--------+--------+--------+--------+--------+-----+--------+
         Total |    198 |    198 |      0 |      3 |    126 |   1 |  198.0 |
       Dungeon |    198 |    198 |      0 |      3 |    126 |   1 |  198.0 |
               +--------+--------+--------+--------+--------+-----+--------+

Top non-repeatable levels by time:
     D:1: 198 daAuts
